 Dungeon Crawl Stone Soup version 0.27.1-33-g824d729ab1 (webtiles) character file.

Game seed: 18280268186505365197

6 SensoryNuts the Skirmisher (level 1, -2/24 HPs)
             Began as an Ogre Monk on Dec 6, 2021.
             Killed from afar by a dart slug (5 damage)
             ... with a slug dart
             ... on level 1 of the Dungeon.
             The game lasted 00:00:45 (267 turns).

SensoryNuts the Skirmisher (Ogre Monk)               Turns: 267, Time: 00:00:45

Health: -2/24      AC:  3    Str: 14    XL:     1   Next: 90%
Magic:  1/1        EV: 10    Int: 11    God:
Gold:   32         SH:  0    Dex: 11    Spells: 0/0 levels left

rFire    . . .     SeeInvis .   a - +0 hand axe
rCold    . . .     Faith    +   (no shield)
rNeg     . . .     Spirit   .   b - +0 robe
rPois    .         Reflect  .   (helmet restricted)
rElec    .         Harm     .   (no cloak)
rCorr    +         Rampage  .   (gloves unavailable)
Will     .....                  (boots unavailable)
Stlth    ++........             c - amulet of faith
HPRegen  0.08/turn              e - ring of resist corrosion
MPRegen  0.07/turn              (no ring)

@: no status effects
A: large, unfitting armour, tough skin 1
a: no special abilities


You were on level 1 of the Dungeon.
You visited 1 branch of the dungeon, and saw 1 of its levels.

You collected 32 gold pieces.

Inventory:

Hand Weapons
 a - a +0 hand axe (weapon)
Armour
 b - a +0 robe (worn)
Jewellery
 c - an amulet of faith (around neck)
 e - a ring of resist corrosion (left hand)
Scrolls
 d - a scroll of fog {unknown}
 f - a scroll of noise {unknown}


   Skills:
 + Level 4.1 Fighting
 + Level 3.2 Axes
 + Level 2.7 Dodging
 + Level 1.5 Stealth


You couldn't memorise any spells.
You didn't know any spells.
Your spell library was empty.

Dungeon Overview and Level Annotations

Branches:
Dungeon (1/15)

Altars:


Innate Abilities, Weirdness & Mutations

You are too large for most types of armour.
You have tough skin. (AC +1)


Message History

The bat barely misses you. The bat hits you but does no damage.
The bat barely misses you.
A kobold comes into view. It is wielding a +0 dagger.
The kobold shouts!
The bat misses you. The dart slug launches a dart at you.
The slug dart hits you. The bat barely misses you. The bat hits you.
The bat hits you but does no damage.
The kobold throws a stone.
The stone hits you but does no damage. The bat hits you.
* * * LOW HITPOINT WARNING * * *
The dart slug launches a dart at you. The slug dart misses you.
The slug dart hits the kobold.
You barely miss the kobold.
The kobold is heavily wounded.
You hit the bat but do no damage. The bat hits you but does no damage. x2
The kobold hits you with a +0 dagger.
* * * LOW HITPOINT WARNING * * *
The bat hits you.
* * * LOW HITPOINT WARNING * * *
You barely miss the kobold.
The kobold is heavily wounded.
You closely miss the bat. The bat hits you but does no damage.
The kobold hits you but does no damage.
You hit the kobold.
You kill the kobold!
The bat barely misses you. The dart slug launches a dart at you.
The slug dart misses you.
Things that are here:
a +0 dagger; a stone; a kobold corpse The dart slug launches a dart at you.
The slug dart hits you.
* * * LOW HITPOINT WARNING * * *
The bat hits you but does no damage. The dart slug launches a dart at you.
The slug dart hits you.
You die...

+......... ≈≈≈≈≈≈.
##8##.##8# P≈≈≈≈≈.##. #≈
#'# ≈
P≈≈≈≈≈....≈######♣##'##♣#
.≈≈≈≈P≈...≈≈≈≈≈≈≈≈≈≈.≈≈≈≈
.P≈≈≈P≈.#................
.≈≈≈≈≈..#####.#..........
..≈≈≈≈≈..### #
######..#.. ....≈≈≈≈.b@.#
#..... ...≈≈≈≈≈.).=#
###..#.# ....≈≈g≈....#
##....... ....≈≈≈≈....#
#.......# #..≈≈≈≈..###
#..##...# #.≈≈≈≈...#
#.......# #.≈≈≈≈...#
#...##..# #.w≈≈≈≈..##
#......># #..≈≈≈≈...#
#.#.###.#


You could see a dart slug, a hobgoblin and a bat.

Vanquished Creatures
  2 bats (D:1)
  A goblin (D:1)
  A kobold (D:1)
  A ball python zombie (D:1)
  A frilled lizard (D:1)
  A giant cockroach zombie (D:1)
7 creatures vanquished.

Vanquished Creatures (others)
  A plant (D:1)
1 creature vanquished.

Grand Total: 8 creatures vanquished

Notes
Turn   | Place    | Note
-------+----------+-------------------------------------------
     0 | D:1      | SensoryNuts the Ogre Monk began the quest for the Orb.
     0 | D:1      | Reached XP level 1. HP: 24/24 MP: 1/1
   267 | D:1      | Killed from afar by a dart slug

Illustrated notes

Levels and vault maps discovered:
D:1:      saegor_arrival_fortress, layout_basic,
          ebering_ecumenical_altar_petrified, corner_web_ring,
          chequers_big_river

Action                   || total
-------------------------++-------
Melee: Hand axe          ||    25
Armor: Robe              ||    23
Dodge: Dodged            ||    44
